 Dungeon Crawl Stone Soup version 0.31-a0-1467-g53b6572822 (webtiles) character file.

Game seed: 14830686880231888777

134 MisterFreud the Ruffian (level 3, 0/49 HPs)
             Began as a Draconian Shapeshifter on Dec 28, 2023.
             Was a Follower of Ru.
             Succumbed to a gnoll's poison
             ... on level 2 of the Dungeon.
             The game lasted 00:03:29 (1831 turns).

MisterFreud the Ruffian (Draconian Shapeshifter)    Turns: 1831, Time: 00:03:29

Health: 0/49       AC: 21    Str: 16    XL:     3   Next: 95%
Magic:  3/3        EV:  2    Int: 12    God:    Ru [*.....]
Gold:   182        SH:  0    Dex: 10    Spells: 2/2 levels left

rFire   . .          .
                       - Unarmed
rCold   . . .        (no shield)
rNeg    . . .        (body armour unavailable)
rPois   +            (helmet currently unavailable)
rElec   .            (cloak currently unavailable)
rCorr   .            (gloves currently unavailable)
SInv    .            (boots currently unavailable)
Will    .....        (no amulet)
Stlth   +            (no ring)
HPRegen 0.28/turn    (no ring)
MPRegen 0.08/turn

%: no passive effects
@: lethally poisoned (0 -> -9), tree-form
A: stationary, stasis, torment immunity, boosted hp, AC +5, unfitting armour,
(cold-blooded), inexperienced 1
a: Renounce Religion


You were on level 2 of the Dungeon.
You worshipped Ru.
Ru was aware of your devotion.
You were a tree.
You visited 1 branch of the dungeon, and saw 3 of its levels.

You collected 182 gold pieces.

Inventory:

Missiles
 d - 6 boomerangs
 i - 5 poisoned darts
Jewellery
 m - a ring of wizardry
Talismans
 b - a beast talisman
 c - a flux talisman
Scrolls
 e - a scroll of vulnerability
 f - a scroll of blinking {unknown}
 g - a scroll of teleportation {unknown}
 h - a scroll of torment {unknown}
 j - a scroll of identify
 l - a scroll of butterflies {unknown}
Potions
 k - a potion of attraction
 n - a potion of heal wounds {unknown}


   Skills:
 + Level 3.7 Fighting
 - Level 1.7 Dodging
 + Level 4.5 Unarmed Combat
 - Level 3.0 Shapeshifting


You had 2 spell levels left.
You didn't know any spells.
Your spell library contained the following spells:

 Spells                   Type           Power      Damage    Failure   Level
 Magic Dart               Conj           0%         1d3       32%         1
 Searing Ray              Conj           0%         2d4       45%         2
 Fulminant Prism          Conj/Alch      0%         3d5       97%         4


Dungeon Overview and Level Annotations

Branches:
Dungeon (3/15)

Altars:
Ru


Innate Abilities, Weirdness & Mutations

You are a tree.
Your roots penetrate the ground, keeping you stationary.
You cannot be teleported.
You are immune to unholy pain and torment.
Your maximum health is greatly increased.
Your equipment is partially melded.
((Your plain brown scales are hard. (AC +5)))
You cannot fit into any form of body armour.
((You are cold-blooded and may be slowed by cold attacks.))
You are somewhat inexperienced. (-1 XL)


Message History

The gnoll is almost dead.
The gnoll barely misses you. The gnoll hits you with a +0 club.
You closely miss the gnoll.
Your tail-slap misses the gnoll.
The gnoll is almost dead.
You punch the gnoll!
You kill the gnoll!
The gnoll closely misses you. The gnoll attacks as it pursues you!
The gnoll hits you but does no damage.
You are poisoned.
You feel very sick.
You feel sick.
You feel sick.
You feel sick.
You feel sick.
You feel sick. The gnoll attacks as it pursues you!
The gnoll hits you from afar with a +0 spear of venom.
You are more poisoned.
You feel sick. The gnoll attacks as it pursues you!
The gnoll barely misses you.
You feel sick.
You feel sick.
You feel sick.
You feel sick. The gnoll attacks as it pursues you!
The gnoll hits you from afar with a +0 spear of venom.
* * * LOW HITPOINT WARNING * * *
Okay, then.
Unknown command.
Okay, then.
You feel sick.
The gnoll hits you with a +0 spear of venom.
* * * LOW HITPOINT WARNING * * *
You are lethally poisoned!
Your transformation has ended.
You turn into a tree.
Your roots penetrate the ground.
* * * LOW HITPOINT WARNING * * *
You feel very sick. The gnoll hits you but does no damage.
You hit the gnoll.
The gnoll is moderately wounded.
You die...

#.# #.#...
##########.#####.....
#....g..$........#...
#.################...
#g# #... #.# #..# #.#
#..# #.####### #..#
#.gg♣...# ######..#
#######)# #.......#
#.# #.####... #.#
#.###.... #.#
#.##>.... #.#
#.###)... #.# #.#
##... #.# #.# ##.#
#.# #.# ###


You could see 2 gnolls.

Vanquished Creatures
  An orc wizard (D:3)
  3 adders (D:2)
  2 gnolls
  2 dart slugs
  3 orcs (D:3)
  3 bats
  10 endoplasms
  4 giant cockroaches
  A goblin (D:2)
  5 hobgoblins
  A quokka (D:1)
  5 ball pythons
  2 frilled lizards (D:1)
  2 kobolds (D:2)
  4 rats
48 creatures vanquished.

Vanquished Creatures (others)
  An adder (D:3)
1 creature vanquished.

Grand Total: 49 creatures vanquished

Notes
Turn   | Place    | Note
-------+----------+-------------------------------------------
     0 | D:1      | MisterFreud the Draconian Shapeshifter began the quest for
                  | the Orb.
     0 | D:1      | Reached XP level 1. HP: 16/16 MP: 1/1
   223 | D:1      | Reached XP level 2. HP: 24/24 MP: 2/2
   359 | D:1      | Found a faded altar of an unknown god.
   369 | D:1      | Prayed at the altar of an unknown god.
   369 | D:1      | Became a worshipper of Ru the Awakened
   383 | D:1      | Gained mutation: You are somewhat inexperienced. (-1 XL)
                  | [Ru sacrifice]
   383 | D:1      | Reached XP level 1. HP: 17/17 MP: 1/1
   383 | D:1      | Reached * piety under Ru
   986 | D:3      | Reached XP level 2. HP: 25/25 MP: 2/2
  1124 | D:3      | Reached skill level 4 in Unarmed Combat
  1182 | D:3      | Reached XP level 3. HP: 23/31 MP: 3/3
  1830 | D:2      | HP: 2/49 [poisoned by a gnoll]
  1831 | D:2      | Succumbed to a gnoll's poison

Illustrated notes

Levels and vault maps discovered:
D:1:      roderic_dead_forest, layout_loops_ring,
          shapermc_ecumenical_altar_pompeii
D:2:      layout_loops_ring, minmay_heptomino_o4
D:3:      layout_rooms, dreamdust_divine_triumvirate, hangedman_decor_growths,
          chequers_garden, nicolae_elevator_lobby_asterisk

Skill      XL: |  1  2 |
---------------+-------+-----
Fighting       | 3 |  3.7
Unarmed Combat | 4 |  4.5
Dodging        | |  1.7
Shapeshifting  | |  3.0

Action                     || total
---------------------------++-------
  Melee: Unarmed           ||   131
         Tailslap          ||    16
         Punch             ||     2
 Invoke: Sacrifice Experie ||     1
    Use: Potion            ||     2
         Scroll            ||     2
   Stab: Sleeping          ||     3
 Armour: Skin              ||    61
  Dodge: Dodged            ||    72

Table legend: (Time is in decaauts)
 A = Elapsed time spent in this place.
 B = Non-inter-level travel time spent in this place.
 C = Inter-level travel time spent in this place.
 D = Time resting spent in this place.
 E = Time spent auto-exploring this place.
 F = Levels seen in this place.
 G = Mean time per level.
                   A        B        C        D        E       F      G
               +--------+--------+--------+--------+--------+-----+--------+
         Total |   1826 |   1791 |     35 |    235 |   1177 |   3 |  608.7 |
       Dungeon |   1826 |   1791 |     35 |    235 |   1177 |   3 |  608.7 |
               +--------+--------+--------+--------+--------+-----+--------+

Top non-repeatable levels by time:
     D:1: 853 daAuts
     D:2: 661 daAuts
     D:3: 311 daAuts
